 Dungeon Crawl Stone Soup version 0.27-a0-577-ge2a43ba0c9 (webtiles) character file.

Game seed: 8343185869091663295

1681 kae the Transmogrifier (level 9, -3/84 HPs)
             Began as a Naga Transmuter on Mar 9, 2021.
             Killed from afar by Maggie (34 damage)
             ... with a bolt of fire
             ... on level 6 of the Dungeon.
             The game lasted 00:05:31 (8064 turns).

kae the Transmogrifier (Naga Transmuter)            Turns: 8064, Time: 00:05:32

Health: -3/84      AC:  5    Str: 21    XL:     9   Next: 2%
Magic:  9/12       EV: 10    Int: 14    God:
Gold:   54         SH:  0    Dex: 18    Spells: 4/12 levels left

rFire    x . .     SeeInvis +     - Unarmed
rCold    + + +     Faith    .   (shield currently unavailable)
rNeg     . . .     Spirit   .   (armour currently unavailable)
rPois    +         Reflect  .   (helmet currently unavailable)
rElec    .         Harm     .   (cloak currently unavailable)
rCorr    .         Rampage  .   (gloves currently unavailable)
Will     +....                  (no barding)
Stlth    ++........             (no amulet)
HPRegen  0.24/turn              i - +6 ring of strength
MPRegen  0.13/turn              t - +6 ring of dexterity

@: ice-form, mesmerised
A: large, see invisible, spit poison 1, AC +3
a: Spit Poison, End Transformation


You were on level 6 of the Dungeon.
You were a creature of crystalline ice.
You visited 1 branch of the dungeon, and saw 6 of its levels.

You collected 194 gold pieces.
You spent 140 gold pieces at shops.

Inventory:

Armour
 a - a +0 robe (melded)
 e - a +1 cloak
 l - a scarf of resistance (melded)
Jewellery
 c - a ring of poison resistance
 i - a +6 ring of strength (left front paw)
 t - a +6 ring of dexterity (right front paw)
Wands
 h - a wand of acid (11)
 m - a wand of mindburst (15)
 p - a wand of iceblast (19)
Scrolls
 b - 2 scrolls of fog
 f - a scroll of blinking
 n - 7 scrolls of identify
 o - 2 scrolls of amnesia
 s - a scroll of fear
 u - a scroll of enchant weapon {unknown}
 w - a scroll of teleportation {unknown}
Potions
 d - 2 potions of curing
 g - 2 potions of mutation
 j - 3 potions of heal wounds
 k - 2 potions of brilliance
 q - a potion of might {unknown}
 v - a potion of attraction {unknown}


   Skills:
 - Level 1.0 Fighting
 - Level 1.5 Dodging
 + Level 6.9 Unarmed Combat
 - Level 2.0 Spellcasting
 * Level 9.1 Transmutations
 - Level 3.0 Poison Magic


You had 4 spell levels left.
You knew the following spells:

 Your Spells              Type           Power      Damage    Failure   Level
a - Beastly Appendage     Tmut           54%        N/A       1%          1
b - Spider Form           Tmut/Pois      9%         N/A       6%          3
c - Ice Form              Ice/Tmut       14%        N/A       34%         4

Your spell library contained the following spells:

 Spells                   Type           Power      Damage    Failure   Level
 Wereblood                Tmut           27%        N/A       1%          2
 Blade Hands              Tmut           13%        N/A       16%         5


Dungeon Overview and Level Annotations

Branches:
Dungeon (6/15)
 Temple: D:4-7

Altars:
Elyvilon
Kikubaaqudgha
Makhleb
Sif Muna
Uskayaw
Xom
The Shining One

Shops:
D:4 [   D:5 ?*

Annotations:
D:3 exclusion: door
D:6 Maggie


Innate Abilities, Weirdness & Mutations

((Your serpentine skin is tough. (AC +3)))
You have supernaturally acute eyesight. (SInv)
((Armour fits poorly on your strangely shaped body.))
((Your system is resistant to poisons. (rPois)))
((You cover ground very slowly.))
You can spit poison.
((You have a snake-like lower body.))


Message History

You finish memorising.
Spell assigned to 'c'.
Okay, then.
Okay, then.
Saving game... please wait.
Level annotation: Maggie Welcome back, kae the Naga Transmuter.
Press ? for a list of commands and other information.
Okay, then.
Partly explored, can't reach some items and places.
Partly explored, can't reach some items and places.
Partly explored, can't reach some items and places.
Partly explored, can't reach some items and places.
Okay, then.
(D) Dungeon
Where to? (? - help) Maggie is nearby!
Cast which spell? (? or * to list)
You turn into a creature of crystalline ice.
Your scarf of resistance melds into your body.
Your +0 robe melds into your body.
You feel hot and cold all over.
Maggie shouts!
Maggie casts a spell.
Maggie attempts to bespell you!
You are mesmerised by Maggie!
Maggie is nearby!
Maggie drinks a potion.
Maggie seems to speed up.
Maggie hits you with a +0 glaive!
You hit Maggie. You freeze Maggie.
Maggie is lightly wounded.
Maggie hits you with a +0 glaive!
You punch Maggie! You freeze Maggie.
Maggie is moderately wounded.
Maggie hits you with a +0 glaive!
You pummel Maggie!! You freeze Maggie!
Maggie is severely wounded.
Maggie points at you and mumbles some strange words.
The bolt of fire hits you!! The fire burns you terribly!
Maggie points at you and mumbles some strange words.
The bolt of fire hits you!! The fire burns you terribly!
You die...

############ ##
#..........# .##
#..........####
..####..........#..
................#.#
..###...........#.#
..................####..
..####..........Y@......
### #..........###..... #
######...###.$..... #
######..## .#...@. #
#........###....... ###
#.##.#.#.#...#....###
..####..#.#.............[
#.......#..............#
.#......#..............##


You could see Maggie (mesmerising, fast).

Vanquished Creatures
  Prince Ribbit (D:5)
  Sigmund (D:5)
  Menkaure (D:6)
  An ice beast (D:5)
  An ogre (D:5)
  A phantom (D:4)
  A bullfrog (D:6)
  A wyvern skeleton (D:6)
  A water moccasin skeleton (D:4)
  A howler monkey (D:6)
  Crazy Yiuf (D:5)
  4 hounds
  2 jellies (D:6)
  Jessica (D:3)
  4 iguanas
  An orc wizard (D:3)
  7 worker ants
  A hound skeleton (D:6)
  A howler monkey zombie (D:5)
  Robin (D:3)
  10 adders
  A white imp (D:4)
  An ooze (D:3)
  An adder skeleton (D:6)
  A worm (D:2)
  A dart slug (D:2)
  3 leopard geckos
  6 orcs
  4 bats
  5 giant cockroaches
  22 goblins
  9 hobgoblins
  2 jackals (D:2)
  2 quokkas
  4 ball pythons
  6 frilled lizards
  A jackal skeleton (D:4)
  7 kobolds
  A quokka skeleton (D:6)
  2 rats
122 creatures vanquished.

Notes
Turn   | Place    | Note
-------+----------+-------------------------------------------
     0 | D:1      | kae the Naga Transmuter began the quest for the Orb.
     0 | D:1      | Reached XP level 1. HP: 18/18 MP: 3/3
    54 | D:1      | Reached XP level 2. HP: 13/25 MP: 3/5
   688 | D:1      | Reached skill level 3 in Transmutations
   694 | D:1      | Reached XP level 3. HP: 30/31 MP: 6/6
   698 | D:1      | Learned a level 3 spell: Spider Form
  1024 | D:2      | Found a shimmering blue altar of Sif Muna.
  1024 | D:2      | Found a burning altar of Makhleb.
  1054 | D:2      | Reached skill level 1 in Poison Magic
  1549 | D:2      | Reached XP level 4. HP: 35/38 MP: 5/7
  2334 | D:2      | Found a shimmering altar of Xom.
  2485 | D:3      | Noticed Jessica
  2498 | D:3      | Killed Jessica
  2500 | D:3      | Reached XP level 5. HP: 32/44 MP: 4/8
  2511 | D:2      | Reached skill level 4 in Transmutations
  2718 | D:3      | Noticed Robin
  2878 | D:3      | Killed Robin
  2949 | D:3      | Found a hide-covered altar of Uskayaw.
  3299 | D:3      | Found a shimmering blue altar of Sif Muna.
  3343 | D:3      | Reached XP level 6. HP: 16/51 MP: 3/9
  4349 | D:4      | Reached skill level 5 in Transmutations
  4503 | D:4      | Found Dolog's Armour Shop.
  5051 | D:4      | Reached XP level 7. HP: 51/57 MP: 6/10
  5139 | D:4      | Reached skill level 6 in Transmutations
  5392 | D:5      | Entered Level 5 of the Dungeon
  5394 | D:5      | Found Fuph's Assorted Antiques.
  5404 | D:5      | Bought a scroll of identify for 52 gold pieces
  5453 | D:5      | Found Diwe's Magic Scroll Shoppe.
  5486 | D:5      | Bought a scroll of identify for 22 gold pieces
  5486 | D:5      | Bought a scroll of identify for 22 gold pieces
  5486 | D:5      | Bought a scroll of identify for 22 gold pieces
  5486 | D:5      | Bought a scroll of identify for 22 gold pieces
  5519 | D:5      | Found a runed translucent door.
  5520 | D:5      | Noticed Crazy Yiuf
  5561 | D:5      | Noticed Sigmund
  5571 | D:5      | Killed Sigmund
  5572 | D:5      | Reached skill level 5 in Unarmed Combat
  5603 | D:5      | Noticed Prince Ribbit
  5849 | D:5      | Reached skill level 7 in Transmutations
  6278 | D:5      | Reached XP level 8. HP: 46/64 MP: 8/11
  6452 | D:5      | Killed Prince Ribbit
  6563 | D:5      | Killed Crazy Yiuf
  6679 | D:5      | Reached skill level 8 in Transmutations
  6824 | D:6      | Noticed Maggie
  7433 | D:6      | Found an ancient bone altar of Kikubaaqudgha.
  7433 | D:6      | Found a white marble altar of Elyvilon.
  7464 | D:6      | Noticed Menkaure
  7753 | D:6      | Killed Menkaure
  7754 | D:6      | Reached skill level 9 in Transmutations
  7754 | D:6      | Reached XP level 9. HP: 24/70 MP: 8/12
  8014 | D:6      | Found a glowing golden altar of the Shining One.
  8054 | D:6      | Learned a level 4 spell: Ice Form
  8064 | D:6      | Killed from afar by Maggie

Illustrated notes

Levels and vault maps discovered:
D:1:      beargit_arrival_greenhouse, layout_rooms, grunt_decor_cap,
          minmay_tall_x
D:2:      layout_loops_ring, tgw_xom, gammafunk_temple_overflow_statue,
          grunt_ministairs_4
D:3:      layout_rooms, nicolae_overflow_hidden_temple, led_sif_book,
          uniq_robin, uniq_jessica
D:4:      kennysheep_big_flooded_room, layout_basic, serial_shops, shop,
          kennysheep_generic_room_4
D:5:      layout_gridville, serial_shops, nicolae_shop_overgrown_old_shop,
          kennysheep_small_square, uniq_crazy_yiuf_cottage, uniq_sigmund,
          uniq_prince_ribbit1
D:6:      layout_rooms, grunt_temple_overflow_open, tso_altar, uniq_menkaure,
          uniq_maggie

Skill      XL: |  1  2  3  4  5  6  7  8 |
---------------+-------------------------+-----
Transmutations | 3 4 5 7 9 |  9.1
Poison Magic   | 1 3 |  3.0
Unarmed Combat | 4 5 6 |  6.9
Fighting       | |  1.0
Dodging        | |  1.5
Spellcasting   | |  2.0

Action                   |  1- 3 |  4- 6 |  7- 9 || total
-------------------------+-------+-------+-------++-------
Melee: Unarmed           |    65 |   197 |   126 ||   388
       Headbutt          |     2 |     5 |       ||     7
       Punch             |       |     1 |     4 ||     5
 Cast: Beastly Appendage |     5 |     5 |       ||    10
       Spider Form       |       |    21 |    18 ||    39
       Ice Form          |       |       |     1 ||     1
 Abil: Spit Poison       |    19 |    14 |     2 ||    35
  Use: Scroll            |       |     9 |     2 ||    11
       Potion            |       |       |     2 ||     2
Armor: Robe              |     9 |    16 |     6 ||    31
       Skin              |       |     9 |     4 ||    13
Dodge: Dodged            |    24 |   140 |   113 ||   277

Table legend: (Time is in decaauts)
 A = Elapsed time spent in this place.
 B = Non-inter-level travel time spent in this place.
 C = Inter-level travel time spent in this place.
 D = Time resting spent in this place.
 E = Time spent auto-exploring this place.
 F = Levels seen in this place.
 G = Mean time per level.
                   A        B        C        D        E       F      G
               +--------+--------+--------+--------+--------+-----+--------+
         Total |   9223 |   9063 |    160 |    619 |   7454 |   6 | 1537.2 |
       Dungeon |   9223 |   9063 |    160 |    619 |   7454 |   6 | 1537.2 |
               +--------+--------+--------+--------+--------+-----+--------+

Top non-repeatable levels by time:
     D:2: 2217 daAuts
     D:6: 1559 daAuts
     D:5: 1517 daAuts
     D:4: 1474 daAuts
     D:3: 1460 daAuts
     D:1: 994 daAuts
